 Dungeon Crawl Stone Soup version 0.22-b1-59-g0aedee7 (webtiles) character file.

136 MTVSty1e the Chopper (level 5, -4/32 HPs)
             Began as a Gargoyle Monk on Aug 9, 2018.
             Slain by Grinder (7 damage)
             ... on level 3 of the Dungeon.
             The game lasted 00:02:57 (2514 turns).

MTVSty1e the Chopper (Gargoyle Monk)                Turns: 2514, Time: 00:02:58

Health: -4/32      AC: 12    Str: 15    XL:     5   Next: 19%
Magic:  5/5        EV: 10    Int: 11    God:
Gold:   179        SH:  0    Dex: 12    Spells: 4/4 levels left

rFire    . . .     SeeInvis .   a - +0 hand axe
rCold    . . .     Gourm    .   (no shield)
rNeg     + . .     Faith    .   m - +0 scale mail
rPois    ∞         Spirit   .   b - +0 helmet
rElec    +         Reflect  .   (no cloak)
rCorr    .         Harm     .   i - +0 pair of gloves
MR       .....                  (no boots)
Stlth    +.........             (no amulet)
HPRegen  0.10/turn              (no ring)
MPRegen  0.09/turn              (no ring)

@: no status effects
A: negative energy resistance 1, electricity resistance, unbreathing,
petrification resistance, rot immunity, AC +4
a: no special abilities


You were on level 3 of the Dungeon.
You were not hungry.

You visited 1 branch of the dungeon, and saw 3 of its levels.

You collected 179 gold pieces.

Inventory:

Hand Weapons
 a - a +0 hand axe (weapon)
Armour
 b - a +0 helmet (worn)
 i - a +0 pair of gloves (worn)
 m - a +0 scale mail (worn)
Scrolls
 e - a scroll of random uselessness {unknown}
 g - 3 scrolls of magic mapping {unknown}
 j - 2 scrolls of identify {unknown}
 k - 2 scrolls of teleportation {unknown}
 l - 2 scrolls of amnesia {unknown}
Comestibles
 c - 3 rations


   Skills:
 - Level 3.2 Fighting
 + Level 5.2 Axes
 - Level 2.4 Dodging
 - Level 2.1 Stealth


You had 4 spell levels left.
You didn't know any spells.
Your spell library was empty.

Dungeon Overview and Level Annotations

Branches:
Dungeon (3/15)

Altars:
Gozag
Hepliaklqana
Nemelex Xobeh

Annotations:
D:3 Grinder


Innate Abilities, Weirdness & Mutations

You are resistant to torment.
Your stone body is resilient. (AC +4)
You are immune to poison.
You resist negative energy. (rN+)
You are resistant to electric shocks. (rElec)
You can survive without breathing.
You are immune to petrification.
You are immune to rotting.


Message History

Grinder hits you.
* * * LOW HITPOINT WARNING * * *
You writhe in agony.
* * * LOW HITPOINT WARNING * * *
You feel better. Grinder gestures at you. Pain shoots through your body!
* * * LOW HITPOINT WARNING * * *
You closely miss Grinder.
Grinder is lightly wounded.
Grinder barely misses you.
You hit Grinder.
Grinder is lightly wounded.
Grinder gestures at you. Pain shoots through your body!
* * * LOW HITPOINT WARNING * * *
You barely miss Grinder.
Grinder is lightly wounded.
Grinder hits you!
You die...

#.# #.#.# #.# #.#.# #.# #.#.# #.#
#)#.# #.# #.#.######
#.####.#.##...#
####......###.....
################)......<###......
..............['@...>........._..
##...###########5.........#......
##...# #.........###.....
##...######### #.........#.##...#
'............###.........#.######
############..######'###..(# #
##.# #.# ##### # ##.## #.# #
##...## #.#


You could see Grinder.

Vanquished Creatures
  An orc wizard (D:3)
  5 adders
  A worm (D:2)
  3 leopard geckos
  5 orcs (D:3)
  2 giant cockroaches (D:2)
  7 goblins
  6 hobgoblins
  4 jackals
  6 kobolds
  2 quokkas
  2 bats
  2 frilled lizards (D:2)
  6 rats
52 creatures vanquished.

Notes
Turn   | Place    | Note
-------+----------+-------------------------------------------
     0 | D:1      | MTVSty1e the Gargoyle Monk began the quest for the Orb.
     0 | D:1      | Reached XP level 1. HP: 14/14 MP: 1/1
    83 | D:1      | Reached skill level 3 in Axes
    89 | D:1      | Reached XP level 2. HP: 7/19 MP: 2/2
   410 | D:1      | You fall through a shaft!
   430 | D:2      | Reached XP level 3. HP: 12/23 MP: 3/3
   896 | D:2      | Reached skill level 4 in Axes
  1274 | D:2      | Found a hazy altar of Hepliaklqana.
  1463 | D:2      | Reached XP level 4. HP: 28/28 MP: 4/4
  1770 | D:3      | Found a sparkling altar of Nemelex Xobeh.
  1851 | D:3      | Found an opulent altar of Gozag.
  1948 | D:3      | Noticed Grinder
  1951 | D:3      | Paralysed by Grinder for 5 turns
  1964 | D:3      | Paralysed by Grinder for 7 turns
  1977 | D:3      | Paralysed by Grinder for 2 turns
  2013 | D:3      | Reached skill level 5 in Axes
  2013 | D:3      | Reached XP level 5. HP: 8/32 MP: 5/5
  2479 | D:3      | Paralysed by Grinder for 6 turns
  2514 | D:3      | Slain by Grinder

Skill      XL: |  1  2  3  4 |
---------------+-------------+-----
Axes           | 3 4 5 |  5.2
Fighting       | |  3.2
Dodging        | |  2.4
Stealth        | |  2.1

Action                   |  1- 3 |  4- 6 || total
-------------------------+-------+-------++-------
Melee: Hand axe          |   107 |    98 ||   205
  Use: Potion            |       |     4 ||     4
 Stab: Sleeping          |     1 |     2 ||     3
  Eat: Chunk             |     1 |     2 ||     3
       Ration            |       |     1 ||     1
Armor: Robe              |     7 |       ||     7
       Leather armour    |    32 |     5 ||    37
       Scale mail        |       |    38 ||    38
Dodge: Dodged            |    76 |    51 ||   127
